 Dungeon Crawl Stone Soup version 0.29-a0-1019-g84f7d21838 (webtiles) character file.

Game seed: 13149536979227392003

25426 IdlyInterested the Fighter (level 12, -6/108 HPs)
             Began as a Demonspawn Gladiator on Aug 10, 2022.
             Mangled by a death yak (11 damage)
             ... on level 4 of the Lair of Beasts.
             The game lasted 00:46:27 (14056 turns).

IdlyInterested the Fighter (Demonspawn Gladiator)  Turns: 14056, Time: 00:46:28

Health: -6/108     AC: 19    Str: 11    XL:     12   Next: 89%
Magic:  27/27      EV: 17    Int: 17    God:
Gold:   847        SH: 11    Dex: 23    Spells: 19/19 levels left

rFire   . . .      SeeInvis +   a - +3 rapier
rCold   . . .      Faith    .   L - +0 buckler
rNeg    . . .      Spirit   .   P - +5 scale mail of Henotheism {rPois MP+9 Str-4 Dex+5}
rPois   +          Reflect  +   y - +2 helmet
rElec   .          Harm     .   B - +0 cloak
rCorr   .          Rampage  .   E - +0 pair of gloves
Will    .....                   (no boots)
Stlth   ++........              p - amulet of reflection
HPRegen 0.28/turn               T - +4 ring of evasion
MPRegen 0.20/turn               C - +6 ring of intelligence

@: slowed, very slow
A: hooves 2, slimy green scales 2, demonic guardian 2, spiny 2, see invisible,
mutation resistance 1
a: no special abilities


You were on level 4 of the Lair of Beasts.
You visited 3 branches of the dungeon, and saw 13 of its levels.
You also visited: Volcano.

You collected 847 gold pieces.

Inventory:

Hand Weapons
 a - a +3 rapier (weapon)
 n - a +0 rapier of protection
 J - a +1 dagger of venom
 N - a +2 dagger of speed
 X - a +1 scimitar of flaming
Missiles
 d - 4 throwing nets
 e - a javelin
 v - 30 poisoned darts (quivered)
 H - 5 boomerangs
 K - 5 atropa-tipped darts
 M - 4 curare-tipped darts
Armour
 b - +0 steam dragon scales
 y - a +2 helmet (worn)
 B - a +0 cloak (worn)
 E - a +0 pair of gloves (worn)
 L - a +0 buckler (worn)
 P - the +5 scale mail of Henotheism (worn) {rPois MP+9 Str-4 Dex+5}
   (You found it on level 8 of the Dungeon)

   Str:       It affects your strength (-4).
   Dex:       It affects your dexterity (+5).
   rPois:     It protects you from poison.
   MP:        It affects your magic capacity (+9).
 R - the +4 robe of the Dropbear {+Inv rN+ Will+}
   (You found it on level 2 of the Lair of Beasts)

   rN:        It protects you from negative energy.
   +Inv:      It lets you turn invisible.
   Will:      It increases your willpower.
 Y - a +3 chain mail of fire resistance
Magical Staves
 U - a staff of air
Jewellery
 i - an amulet of guardian spirit
 p - an amulet of reflection (around neck)
 w - a ring of see invisible
 A - a ring of ice
 C - a +6 ring of intelligence (right hand)
 I - a ring of magical power
 T - a +4 ring of evasion (left hand)
 Z - a ring of magical power
Wands
 o - a wand of acid (10)
 D - a wand of digging (7)
 G - a wand of charming (6)
 O - a wand of flame (27)
 W - a wand of roots (5)
Scrolls
 c - a scroll of blinking
 s - 3 scrolls of immolation
 t - 5 scrolls of identify
 z - 5 scrolls of teleportation
 V - a scroll of poison
Potions
 f - a potion of ambrosia {unknown}
 g - a potion of berserk rage
 h - 6 potions of curing
 j - 4 potions of mutation
 k - a potion of magic
 l - 2 potions of might
 m - 5 potions of brilliance
 q - a potion of cancellation
 r - a potion of lignification
 u - 3 potions of attraction
 F - 2 potions of flight
 Q - 2 potions of haste
 S - a potion of heal wounds


   Skills:
 * Level 14.8 Fighting
 + Level 11.2 Short Blades
 - Level 1.7 Throwing
 - Level 1.0 Armour
 - Level 8.0 Dodging
 - Level 4.0 Stealth
 - Level 4.0 Shields
 - Level 4.0 Spellcasting
 - Level 1.0 Invocations
 - Level 1.0 Evocations


You had 19 spell levels left.
You didn't know any spells.
Your spell library contained the following spells:

 Spells                   Type           Power      Damage    Failure   Level
 Sting                    Tmut/Pois      12%        1d3       77%         1
 Poisonous Vapours        Pois/Air       6%         N/A       88%         2
 Scorch                   Fire           6%         2d5       88%         2
 Sublimation of Blood     Necr           3%         N/A       88%         2
 Wereblood                Tmut           3%         N/A       88%         2
 Call Canine Familiar     Summ           3%         N/A       98%         3
 Portal Projectile        Hex/Tloc       6%         N/A       98%         3
 Tukima's Dance           Hex            3%         N/A       98%         3
 Corpse Rot               Necr/Pois/Air  3%         N/A       100%        4
 Flame Wave               Conj/Fire      3%         2d5       100%        4
 Leda's Liquefaction      Hex/Erth       1%         N/A       100%        4
 Olgreb's Toxic Radiance  Pois           3%         N/A       100%        4
 Blade Hands              Tmut           1%         N/A       100%        5
 Summon Cactus Giant      Summ           1%         N/A       100%        6
 Summon Hydra             Summ           1%         N/A       100%        7


Dungeon Overview and Level Annotations

Branches:
Dungeon (8/15)             Temple (1/1) D:4            Lair (4/5) D:8
  Swamp (0/4) Lair:2        Snake (0/4) Lair:3      Volcano (visited)
  Slime: Lair:4-5

Altars:
Ashenzari
Cheibriados
Dithmenos
Fedhas
Gozag
Hepliaklqana
Kikubaaqudgha
Makhleb
Nemelex Xobeh
Okawaru
Qazlal
Trog
Uskayaw
Vehumet
Wu Jian
Yredelemnul


Innate Abilities, Weirdness & Mutations

You have hoof-like feet.
You are mostly covered in slimy green scales. (AC +3)
A demonic guardian rushes to your aid.
You are mostly covered in sharp spines.
You have supernaturally acute eyesight. (SInv)
You are somewhat resistant to further mutation.


Message History

The spriggan simulacrum is struck by your spines.
The spriggan simulacrum vaporises!
You block the death yak's attack.
Your soul eater hits the ice devil!
The ice devil hits you but does no damage.
Aiming: Charm
Press: ? - help, Shift-Dir - straight line, f - polar bear
Aim: a polar bear (freezing vapour, chance to affect: 50%)
The polar bear resists with significant effort.
You block the death yak's attack.
The polar bear is engulfed in freezing vapours.
You block the polar bear's attack.
The polar bear claws you but does no damage.
You block the polar bear's attack.
Your soul eater hits the ice devil!
The ice devil completely misses you.
The polar bear is engulfed in freezing vapours.
The polar bear misses you.
The polar bear claws you but does no damage. x2
The death yak is struck by your spines. The death yak barely misses you.
Your soul eater barely misses the ice devil.
Aiming: Charm
Press: ? - help, Shift-Dir - straight line, f/p - polar bear
Aim: a polar bear (moderately wounded, chance to affect: 50%)
The polar bear is charmed.
The ice devil hits you. The ice devil freezes you!
* * * LOW HITPOINT WARNING * * *
The death yak gores you but does no damage.
Your soul eater hits the ice devil but does no damage.
The ice devil hits you!
* * * LOW HITPOINT WARNING * * *
The ice devil freezes you!
* * * LOW HITPOINT WARNING * * *
Okay, then.
As you read the scroll of fear, it crumbles to dust.
You assume a fearsome visage.
The ice devil looks frightened!
The death yak resists with almost no effort.
The death yak is struck by your spines. The death yak gores you.
* * * LOW HITPOINT WARNING * * *
Your soul eater hits the ice devil!
The ice devil barely misses your soul eater.
The death yak gores you!
You die...

#...P# ## #....# ##
#...## #. ##....# ##.
#....P# #.# #P.>..# ###
##†3.P# ##4...# #@Y..##
#.h..P# ##...## ##....#
#....## #...P# ###
#...P####### ###
###..##...P.##.P.####P#
........PP.............


You could see a death yak (ally target), an ice devil (fleeing), a friendly soul
eater (summoned) and a friendly polar bear (charmed).

Vanquished Creatures
  2 boulder beetles
  A catoblepas (Lair:3)
  4 death yaks (Lair:3)
  A deep elf pyromancer (D:8)
  14 elephants (Lair:3)
  A black mamba (Lair:2)
  2 cane toads
  A gargoyle (Volcano)
  A komodo dragon (Lair:2)
  An efreet (Volcano)
  An ice devil (Lair:4)
  A troll (D:7)
  A polar bear (Lair:1)
  6 blink frogs (Lair:1)
  A wyvern (Lair:3)
  39 yaks
  A fire elemental (Volcano)
  A human (D:8)
  3 steam dragons
  3 basilisks
  3 water moccasins
  2 orc warriors
  2 ice beasts
  4 black bears
  2 centaurs (D:6)
  2 kobold brigands (D:8)
  A scorpion (D:8)
  7 bullfrogs
  3 necrophages
  7 wights
  Dowan (D:5)
  5 killer bees (D:8)
  2 jellies
  2 orc priests (D:7)
  4 hounds
  9 iguanas
  7 orc wizards
  3 spriggan simulacra (Lair:4)
  4 gnolls
  7 adders
  A shadow imp (D:8)
  A white imp (D:6)
  An ufetubus (D:3)
  3 worms
  3 dart slugs (D:1)
  29 orcs
  7 bats
  3 endoplasms
  4 giant cockroaches
  7 goblins
  5 hobgoblins
  2 quokkas
  8 ball pythons
  5 frilled lizards
  11 kobolds
  A kobold zombie (D:8)
  3 rats
256 creatures vanquished.

Vanquished Creatures (collateral kills)
  A bog body (Lair:4)
  An elephant (Lair:3)
  A blink frog (Lair:1)
  A fire elemental (Volcano)
  6 yaks
  Duvessa (D:5)
  2 orc warriors
  An ogre (D:5)
  A centaur (D:8)
  A wight (D:8)
  A jelly (D:5)
  A gnoll (D:4)
  A white imp (Lair:4)
  4 orcs
  A ball python (D:2)
  A kobold (D:8)
  A rat (D:1)
26 creatures vanquished.

Vanquished Creatures (others)
  A komodo dragon (Lair:3)
  2 orcs (D:8)
  A bush (Lair:2)
  13 fungi
  37 plants
54 creatures vanquished.

Grand Total: 336 creatures vanquished

Notes
Turn   | Place    | Note
-------+----------+-------------------------------------------
     0 | D:1      | IdlyInterested the Demonspawn Gladiator began the quest for
                  | the Orb.
     0 | D:1      | Reached XP level 1. HP: 16/16 MP: 1/1
    64 | D:1      | Gained mutation: You are partially covered in sharp spines.
                  | [demonic ancestry]
    64 | D:1      | Reached XP level 2. HP: 12/22 MP: 2/2
   403 | D:1      | Gained mutation: A weak demonic guardian rushes to your
                  | aid. [demonic ancestry]
   403 | D:1      | Reached XP level 3. HP: 22/27 MP: 3/3
   417 | D:1      | Found a faded altar of an unknown god.
   931 | D:2      | Gained mutation: You are partially covered in slimy green
                  | scales. (AC +2) [demonic ancestry]
   931 | D:2      | Reached XP level 4. HP: 29/34 MP: 4/4
  2101 | D:3      | Reached skill level 3 in Fighting
  2138 | D:3      | Gained mutation: You have large cloven feet. [demonic
                  | ancestry]
  2138 | D:3      | Reached XP level 5. HP: 27/41 MP: 3/5
  2449 | D:4      | You fall into a shaft and drop 2 floors!
  2462 | D:6      | Noticed a black bear
  2471 | D:6      | Killed a black bear
  2472 | D:6      | Reached skill level 5 in Short Blades
  2489 | D:6      | Gained mutation: You are mostly covered in sharp spines.
                  | [demonic ancestry]
  2489 | D:6      | Reached XP level 6. HP: 13/48 MP: 2/6
  2504 | D:5      | Entered Level 5 of the Dungeon
  2859 | D:5      | Reached skill level 4 in Fighting
  3056 | D:4      | Found a staircase to the Ecumenical Temple.
  3116 | Temple   | Entered the Ecumenical Temple
  3322 | D:4      | Gained mutation: A demonic guardian rushes to your aid.
                  | [demonic ancestry]
  3322 | D:4      | Reached XP level 7. HP: 52/55 MP: 7/7
  4148 | D:5      | Reached skill level 5 in Fighting
  4231 | D:5      | Noticed Dowan
  4233 | D:5      | Noticed Duvessa
  4252 | D:5      | Killed Duvessa
  4257 | D:5      | Reached skill level 6 in Fighting
  4272 | D:5      | Killed Dowan
  4273 | D:5      | Reached XP level 8. HP: 33/64 MP: 4/8
  4913 | D:6      | Reached skill level 1 in Armour
  5021 | D:6      | Found a hazy altar of Hepliaklqana.
  5032 | D:6      | Reached skill level 1 in Stealth
  5390 | D:6      | Found a blossoming altar of Fedhas.
  5391 | D:6      | Found a radiant altar of Vehumet.
  5392 | D:6      | Found an ancient bone altar of Kikubaaqudgha.
  5393 | D:6      | Found an iron altar of Okawaru.
  5481 | D:6      | Reached skill level 7 in Fighting
  5936 | D:7      | Reached skill level 1 in Shields
  5942 | D:7      | Reached skill level 1 in Evocations
  6028 | D:7      | Reached skill level 1 in Spellcasting
  6028 | D:7      | Reached skill level 1 in Invocations
  6186 | D:7      | Reached XP level 9. HP: 71/74 MP: 11/11
  6255 | D:7      | Noticed a troll
  6271 | D:7      | Reached skill level 8 in Fighting
  6275 | D:7      | Killed a troll
  6403 | D:7      | Found a sparkling altar of Nemelex Xobeh.
  6403 | D:7      | Found an ornate altar of the Wu Jian Council.
  6404 | D:7      | Found a burning altar of Makhleb.
  6407 | D:7      | Found a hide-covered altar of Uskayaw.
  6913 | D:7      | Found an opulent altar of Gozag.
  7052 | D:7      | Gained mutation: You have supernaturally acute eyesight.
                  | (SInv) [potion of mutation]
  7052 | D:7      | Gained mutation: You are somewhat resistant to further
                  | mutation. [potion of mutation]
  7438 | D:8      | Reached skill level 9 in Fighting
  7466 | D:8      | Found a runed translucent door.
  7638 | D:8      | Identified the +10 shortbow of the Sage {freeze, Str+5
                  | Int+3 Stlth+}
  7675 | D:8      | Reached skill level 5 in Dodging
  7700 | D:8      | Found a staircase to the Lair.
  7870 | D:8      | Found a basalt altar of Yredelemnul.
  8087 | D:8      | Identified the +9 hand axe of Fienump {protect, Str+3}
  8259 | D:8      | Noticed a deep elf pyromancer
  8278 | D:8      | Gained mutation: You are mostly covered in slimy green
                  | scales. (AC +3) [demonic ancestry]
  8278 | D:8      | Reached XP level 10. HP: 51/85 MP: 13/13
  8319 | D:8      | Reached skill level 10 in Fighting
  8319 | D:8      | Killed a deep elf pyromancer
  8622 | D:8      | Identified the +5 scale mail of Henotheism {rPois MP+9
                  | Str-4 Dex+5}
  9270 | Lair:1   | Entered Level 1 of the Lair of Beasts
  9438 | Lair:1   | Found a dark tunnel.
  9443 | Volcano  | Entered a volcano
  9458 | Volcano  | Noticed a gargoyle
  9473 | Volcano  | Killed a gargoyle
  9531 | Volcano  | Reached skill level 11 in Fighting
 10080 | Lair:1   | Gained mutation: You have hoof-like feet. [demonic
                  | ancestry]
 10080 | Lair:1   | Reached XP level 11. HP: 69/95 MP: 14/14
 10101 | Lair:1   | Reached skill level 12 in Fighting
 11037 | Lair:2   | Found a staircase to the Swamp.
 11156 | Lair:2   | Noticed a boulder beetle
 11231 | Lair:2   | Killed a boulder beetle
 11539 | Lair:2   | Identified the +4 robe of the Dropbear {+Inv rN+ Will+}
 11755 | Lair:2   | Reached skill level 13 in Fighting
 11755 | Lair:2   | Reached skill level 10 in Short Blades
 12509 | Lair:3   | Noticed a catoblepas
 12510 | Lair:3   | Noticed a death yak
 12513 | Lair:3   | Noticed a boulder beetle
 12525 | Lair:3   | Noticed a death yak
 12527 | Lair:3   | Killed a catoblepas
 12528 | Lair:3   | Noticed a death yak
 12530 | Lair:3   | Noticed a death yak
 12540 | Lair:3   | Killed a death yak
 12548 | Lair:3   | Reached XP level 12. HP: 100/105 MP: 15/15
 12553 | Lair:3   | Killed a death yak
 12563 | Lair:3   | Killed a boulder beetle
 12567 | Lair:3   | Killed a death yak
 12578 | Lair:3   | Killed a death yak
 12779 | Lair:3   | Reached skill level 14 in Fighting
 13184 | Lair:3   | Found a staircase to the Snake Pit.
 13791 | Lair:4   | Noticed a death yak
 14056 | Lair:4   | HP: 5/108 [death yak (4)]
 14056 | Lair:4   | Mangled by a death yak

Illustrated notes

Levels and vault maps discovered:
D:1:      lemuel_arrival_cross, layout_rooms, ebering_ecumenical_altar_webs
D:2:      layout_rooms
D:3:      layout_basic
D:4:      layout_basic, minmay_temple_entry_ruins, serial_co_window_serial,
          co_window_paths_a, co_window_paths_a, co_window_of_opportunity_a,
          co_window_paths_a, co_window_corner_a, co_window_paths_a,
          co_window_paths_a, co_window_2corner, co_window_of_opportunity_c,
          co_window_of_opportunity_b, co_window_corner_cb,
          co_window_of_opportunity_b, glass_columns_b,
          amcnicky_mini_corridor_feature, chequers_serial_rivers_marsh,
          moated_statue
D:5:      layout_cave_pods, uniq_duvessa
D:6:      layout_loops_ring, mainiacjoe_overflow_cross_hatched,
          chequers_temple_overflow_statue_of_worship, kennysheep_pointless_box,
          minivault_5
D:7:      layout_basic, pdpol_temple_overflow_zin_treasury_gozag_greed,
          grunt_temple_overflow_open
D:8:      layout_layer_cave, dk_yredelemnul_ordeal,
          grunt_lair_entry_orc_guard_hut, grunt_potential
Temple:   hellmonk_temple_of_storms
Lair:1:   layout_long_grid, enter_volcano_4, st_stairs_7
Lair:2:   layout_loops_ring, swamp_mist, grunt_megastairs_1
Lair:3:   layout_roguey, dummy_snake_entry, nicolae_lair_grazing_beasts
          [nicolae_sub_lair_graze_edge, nicolae_sub_lair_graze_edge,
          nicolae_sub_lair_graze_edge, nicolae_sub_lair_graze_edge],
          grunt_megastairs_4
Lair:4:   dreamdust_isle_of_ice, layout_hall_layers

Skill      XL: |  1  2  3  4  5  6  7  8  9 10 11 12 |
---------------+-------------------------------------+-----
Short Blades   | 3 4 5 6 7 8 9 10 11 | 11.2
Dodging        | 3 4 5 6 8 |  8.0
Fighting       | 3 4 6 7 9 11 13 14 | 14.8
Armour         | 1 |  1.0
Stealth        | 2 4 |  4.0
Shields        | 1 3 4 |  4.0
Evocations     | 1 |  1.0
Spellcasting   | 1 2 4 |  4.0
Invocations    | 1 |  1.0
Throwing       | |  1.7

Action                   |  1- 3 |  4- 6 |  7- 9 | 10-12 || total
-------------------------+-------+-------+-------+-------++-------
Melee: Rapier            |    86 |   123 |   230 |   575 ||  1014
       Punch             |       |     3 |     3 |       ||     6
       Kick              |       |    15 |    86 |   289 ||   390
Throw: Dart              |       |       |     6 |    42 ||    48
Evoke: Wand              |       |       |     2 |     5 ||     7
  Use: Scroll            |       |     9 |     7 |     8 ||    24
       Potion            |       |       |     3 |    10 ||    13
 Stab: Distracted        |       |     1 |     3 |     2 ||     6
       Sleeping          |       |       |     3 |       ||     3
       Invisible         |       |       |       |     1 ||     1
Armor: Leather armour    |     7 |       |       |       ||     7
       Chain mail        |    29 |    63 |    55 |     6 ||   153
       Steam dragon scal |       |       |    37 |    16 ||    53
       Scale mail        |       |       |       |   130 ||   130
Dodge: Dodged            |    26 |    34 |    91 |   299 ||   450
Block: Other             |       |       |    23 |       ||    23
       Buckler           |       |       |    25 |   256 ||   281
       Reflection        |       |       |     1 |     3 ||     4

Table legend: (Time is in decaauts)
 A = Elapsed time spent in this place.
 B = Non-inter-level travel time spent in this place.
 C = Inter-level travel time spent in this place.
 D = Time resting spent in this place.
 E = Time spent auto-exploring this place.
 F = Levels seen in this place.
 G = Mean time per level.
                   A        B        C        D        E       F      G
               +--------+--------+--------+--------+--------+-----+--------+
         Total |  13896 |  12525 |   1371 |   1721 |   7693 |  14 |  992.6 |
       Dungeon |   9201 |   8239 |    962 |   1013 |   5439 |   8 | 1150.1 |
        Temple |     40 |     40 |      0 |      0 |     28 |   1 |   40.0 |
          Lair |   4170 |   3761 |    409 |    697 |   1971 |   4 | 1042.5 |
       Volcano |    484 |    484 |      0 |     11 |    254 |   1 |  484.0 |
               +--------+--------+--------+--------+--------+-----+--------+

Top non-repeatable levels by time:
     D:8: 2028 daAuts
  Lair:2: 1477 daAuts
     D:5: 1343 daAuts
     D:7: 1291 daAuts
  Lair:3: 1283 daAuts
  Lair:1: 1185 daAuts
     D:4: 1089 daAuts
     D:6: 996 daAuts
     D:1: 953 daAuts
     D:3: 916 daAuts
     D:2: 581 daAuts
 Volcano: 484 daAuts
  Lair:4: 224 daAuts
  Temple: 40 daAuts
